AoeStats
← Sr. Hiei

African Clearing

510636910Analyzed
2v2 RM · 2d ago on Oct 1, 2026· 58m 34s· 4 players
Game mode
Random Map
Map size
Medium (4 player)
Population
200
Speed
Normal
Resources
Standard
Victory
Conquest
Starting age
Dark Age
Ending age
Imperial Age
RankedLock teamsTeams togetherTeam positionsShared explorationLock speedFull tech treeHidden civsTurbo modeCheats
Victory
Defeat
🇹🇷 Burgundians · Türkiye
1063
+15
🇺🇸 Danes · United States
1012
+17
🇦🇷 Vietnamese · Argentina
1035
-16
🇦🇷 Malians · Argentina
1035
-16
Dirty F150
3:13 Loom
12:11 Feudal Age
12:41 Feudal Age
13:43 Double-Bit Axe
19:47 Castle Age
18:35 Scale Mail Armor
20:26 Forging
21:18 Squires
23:34 Arson
23:39 Gambesons
33:33 Imperial Age
32:16 Wheelbarrow
31:26 Town Watch
34:36 Conscription
34:37 Chain Mail Armor
35:18 Iron Casting
35:42 Gold Mining
38:06 Elite Varangian Guard
38:59 Fletching
41:12 Hamask
43:38 Gold Shaft Mining
43:45 Town Patrol
44:05 Hand Cart
44:07 Horse Collar
45:06 Ballistics
45:31 Bodkin Arrow
49:10 Hoardings
49:10 Plate Mail Armor
49:40 Blast Furnace
48:41 Bracer
49:44 Chemistry
48:55 Masonry
48:51 Siege Engineers
51:55 Northmen's Fury
53:05 Murder Holes
53:49 Stone Mining
55:48 Spies/Treason
56:58 Elite Jomsviking
58:47 Town Patrol
siyahzeytinekmekcorba
6:13 Loom
11:16 Double-Bit Axe
14:25 Horse Collar
20:11 Feudal Age
24:11 Castle Age
22:21 Heavy Plow
22:34 Bow Saw
22:18 Gold Mining
24:56 Wheelbarrow
24:07 Loom
24:08 Town Watch
24:37 Forging
24:32 Scale Barding Armor
24:16 Cavalier
25:39 Scale Mail Armor
26:19 Iron Casting
26:41 Husbandry
27:36 Gold Shaft Mining
27:42 Chain Barding Armor
27:04 Light Cavalry
32:35 Hand Cart
37:16 Imperial Age
35:01 Masonry
37:57 Loom
37:58 Town Watch
38:07 Loom
38:08 Town Watch
38:41 Stone Mining
38:42 Paladin
40:12 Town Patrol
41:01 Plate Barding Armor
41:29 Stone Shaft Mining
41:57 Two-Man Saw
41:29 Crop Rotation
42:29 Blast Furnace
45:44 Two-Man Saw
46:44 Architecture
45:55 Treadmill Crane
49:29 Burgundian Vineyards
49:45 Conscription
54:09 Town Patrol
55:33 Spies/Treason
Sr. Hiei
3:14 Loom
17:32 Feudal Age
19:26 Wheelbarrow
21:37 Castle Age
19:57 Gold Mining
19:56 Horse Collar
20:37 Town Watch
21:05 Forging
21:19 Scale Mail Armor
23:35 Iron Casting
23:17 Chain Mail Armor
23:08 Heavy Plow
28:27 Double-Bit Axe
34:33 Squires
34:19 Arson
Magistral
7:39 Loom
14:21 Feudal Age
15:04 Double-Bit Axe
20:31 Town Watch
23:03 Castle Age
22:39 Stone Mining
22:35 Horse Collar
24:06 Bow Saw
23:57 Crossbowman
25:57 Fletching
26:47 Padded Archer Armor
28:39 Wheelbarrow
35:48 Bodkin Arrow
36:20 Ballistics
40:34 Imperial Age
38:40 Bodkin Arrow
39:31 Pikeman
40:58 Scale Mail Armor
41:09 Forging
44:20 Arbalester
45:51 Bracer
46:11 Halberdier
48:28 Chemistry
49:20 Chain Mail Armor
49:38 Squires
Connection lost

Rejoining the realm…

Still unreachable

The connection could not be restored.

Session expired

The server has moved on; the page needs a fresh start.